 Dungeon Crawl Stone Soup version 0.31-a0-851-g7ff8af7976 (webtiles) character file.

Game seed: 15617596342072977613

177 Shayle the Trooper (level 5, -1/41 HPs)
             Began as a Demonspawn Reaver on Oct 5, 2023.
             Was an Initiate of Ashenzari.
             Killed by divine providence
             ... invoked by an orc priest
              (17 damage)
             ... on level 5 of the Dungeon.
             The game lasted 00:07:17 (3575 turns).

Shayle the Trooper (Demonspawn Reaver)              Turns: 3575, Time: 00:07:18

Health: -1/41      AC:  7    Str: 13    XL:     5   Next: 31%
Magic:  9/9        EV: 15    Int: 16    God:    Ashenzari [......]
Gold:   159        SH:  4    Dex: 11    Spells: 9/10 levels left

rFire   + . .        s - +3 hand axe (venom)
rCold   . . .        (no shield)
rNeg    . . .        j - +0 ring mail
rPois   .            r - +0 helmet
rElec   .            (no cloak)
rCorr   .            v - +0 pair of gloves
SInv    .            (no boots)
Will    .....        (no amulet)
Stlth   +            f - +5 ring of evasion
HPRegen 0.26/turn    k - ring of protection from fire
MPRegen 0.11/turn

%: no passive effects
@: no status effects
A: condensation shield
a: Renounce Religion


You were on level 5 of the Dungeon.
You worshipped Ashenzari.
Ashenzari was noncommittal.
You visited 2 branches of the dungeon, and saw 6 of its levels.

You collected 159 gold pieces.

Inventory:

Hand Weapons
 a - a +0 spear
 s - a +3 hand axe of venom (weapon)
Missiles
 i - 2 curare-tipped darts
Armour
 b - a +0 leather armour
 j - a +0 ring mail (worn)
 r - a +0 helmet (worn)
 v - a +0 pair of gloves (worn)
Jewellery
 f - a +5 ring of evasion (left hand)
 k - a ring of protection from fire (right hand)
Talismans
 w - a serpent talisman
Scrolls
 e - 4 scrolls of amnesia
 g - 4 scrolls of immolation
 m - 4 scrolls of teleportation
Potions
 d - 3 potions of brilliance
 l - a potion of curing
 o - 2 potions of attraction
 p - a potion of enlightenment
 x - a potion of haste {unknown}


   Skills:
 + Level 3.2 Fighting
 - Level 2.6 Polearms
 + Level 2.1 Armour
 - Level 1.7 Dodging
 + Level 3.0 Spellcasting
 - Level 3.0 Conjurations
 + Level 2.6 Necromancy


You had 9 spell levels left.
You knew the following spells:

 Your Spells              Type           Power      Damage    Failure   Level
a - Kiss of Death         Conj/Necr      44%        2d8       13%         1

Your spell library contained the following spells:

 Spells                   Type           Power      Damage    Failure   Level
 Momentum Strike          Conj/Tloc      14%        3d8       32%         2
 Hailstorm                Conj/Ice       7%         3d4       54%         3
 Inner Flame              Hex/Fire       2%         N/A       75%         3
 Flame Wave               Conj/Fire      7%         2d5       91%         4
 Sticky Flame             Conj/Fire      7%         2d3       91%         4
 Cause Fear               Hex            1%         N/A       98%         4
 Fireball                 Conj/Fire      3%         3d4       99%         5
 Dragon's Call            Summ           1%         N/A       100%        9


Dungeon Overview and Level Annotations

Branches:
Dungeon (5/15)             Temple (1/1) D:4

Altars:
Ashenzari
Cheibriados
Dithmenos
Fedhas
Gozag
Hepliaklqana
Kikubaaqudgha
Nemelex Xobeh
Okawaru
Qazlal
Ru
Sif Muna
Uskayaw
Vehumet
Wu Jian


Innate Abilities, Weirdness & Mutations

A meltable shield of frost defends you. (SH +4)


Message History

The orc shouts!
You hear a shout!
The orc priest mumbles some strange prayers to Beogh against you.
You barely resist.
An orc comes into view. It is wielding a +0 club.
An orc priest and an orc wizard come into view.
The orc priest shouts!
The orc wizard shouts!
You hear an angry hiss.
The orc priest begins to cast a cantrip, but forgets the words!
The orc priest moves out of view.
The orc priest calls down the wrath of Beogh upon you.
Pain shoots through your body! The orc completely misses you.
You hit the orc priest.
The orc priest is poisoned.
The orc priest is lightly wounded.
You barely miss the orc.
The orc priest calls down the wrath of Beogh upon you.
Beogh smites you!
The orc hits you with a +0 mace of protection.
Unknown command.
You barely miss the orc priest.
The orc priest is lightly wounded.
You hit the orc.
The orc is poisoned.
The orc closely misses you. The orc priest barely misses you.
Unknown command.
The orc priest misses you.
The orc wizard mumbles some strange words.
The orc wizard flickers and vanishes!
Deactivating autopickup; reactivate with Ctrl-A.
The orc attacks as it pursues you!
The orc hits you with a +0 mace of protection.
* * * LOW HITPOINT WARNING * * *
An iguana comes into view.
The orc priest begins to cast a cantrip, but forgets the words!
You feel a bit more experienced.
You feel better.
The orc priest looks satisfied for a moment.
Something hits you.
The orc priest hits you with a +0 hand axe.
Something hits you.
The orc priest invokes the aid of Beogh against you.
Beogh smites you!
You die...

... ..#...###.#
..##.........#.
......#..>...
#....##....
#....##..#
#l#....##..#
#...o.loo..##
...######.o..#
#........@.<#
#####........#
#.....#..#
#....#####
#....# #....#
#....# #....#


You could see an iguana, 2 orc priests and an orc.

Vanquished Creatures
  An orc priest (D:3)
  An iguana (D:4)
  An orc wizard (D:3)
  2 adders (D:2)
  An ufetubus (D:4)
  6 orcs
  4 ball pythons
  5 bats
  7 endoplasms
  4 giant cockroaches
  3 goblins (D:2)
  10 hobgoblins
  2 jackals (D:2)
  A quokka (D:3)
  6 frilled lizards
  6 kobolds
  6 rats
66 creatures vanquished.

Notes
Turn   | Place    | Note
-------+----------+-------------------------------------------
     0 | D:1      | Shayle the Demonspawn Reaver began the quest for the Orb.
     0 | D:1      | Reached XP level 1. HP: 16/16 MP: 3/3
   173 | D:1      | Gained mutation: A meltable shield of frost defends you.
                  | (SH +4) [demonic ancestry]
   173 | D:1      | Reached XP level 2. HP: 22/22 MP: 5/5
   320 | D:1      | Reached skill level 1 in Necromancy
   573 | D:2      | Reached skill level 1 in Armour
   651 | D:2      | Reached XP level 3. HP: 28/28 MP: 6/6
  1750 | D:3      | Reached XP level 4. HP: 34/34 MP: 7/7
  2388 | D:4      | Found a staircase to the Ecumenical Temple.
  2420 | D:4      | Found a broken altar of Ashenzari.
  2782 | Temple   | Entered the Ecumenical Temple
  2808 | D:4      | Became a worshipper of Ashenzari the Shackled
  3249 | D:3      | Found a faded altar of an unknown god.
  3406 | D:3      | Reached XP level 5. HP: 39/41 MP: 9/9
  3559 | D:5      | Entered Level 5 of the Dungeon
  3575 | D:5      | Killed from afar by an orc priest

Illustrated notes

Levels and vault maps discovered:
D:1:      lightli_arrival_noodles, layout_rooms, patterned_corridor
D:2:      kennysheep_big_flooded_room, layout_basic, nrook_loot_triangle
D:3:      layout_loops_ring, dilly_ecumenical_altar_fadedgnrine
D:4:      layout_basic, mainiacjoe_overflow_small_starburst,
          minmay_temple_entry_hall
D:5:      layout_rooms, tso_altar
Temple:   regret_index_temple_generic_petals

Skill      XL: |  1  2  3  4  5 |
---------------+----------------+-----
Necromancy     | 1 2 |  2.6
Armour         | 1 2 |  2.1
Fighting       | 3 |  3.2
Spellcasting   | 3 |  3.0
Polearms       | |  2.6
Dodging        | |  1.7
Conjurations   | |  3.0

Action                     |  1- 3 |  4- 6 || total
---------------------------+-------+-------++-------
  Melee: Spear             |   187 |    15 ||   202
         Hand axe          |       |    39 ||    39
         Punch             |       |     1 ||     1
    Use: Scroll            |     4 |     9 ||    13
         Potion            |       |     1 ||     1
 Armour: Leather armour    |    30 |       ||    30
         Ring mail         |    36 |    27 ||    63
  Dodge: Dodged            |   119 |    35 ||   154
  Block: Other             |    30 |     6 ||    36

Table legend: (Time is in decaauts)
 A = Elapsed time spent in this place.
 B = Non-inter-level travel time spent in this place.
 C = Inter-level travel time spent in this place.
 D = Time resting spent in this place.
 E = Time spent auto-exploring this place.
 F = Levels seen in this place.
 G = Mean time per level.
                   A        B        C        D        E       F      G
               +--------+--------+--------+--------+--------+-----+--------+
         Total |   3578 |   3393 |    185 |    239 |   2358 |   6 |  596.3 |
       Dungeon |   3576 |   3391 |    185 |    239 |   2358 |   5 |  715.2 |
        Temple |      1 |      1 |      0 |      0 |      0 |   1 |    1.0 |
               +--------+--------+--------+--------+--------+-----+--------+

Top non-repeatable levels by time:
     D:4: 1085 daAuts
     D:2: 1044 daAuts
     D:3: 879 daAuts
     D:1: 550 daAuts
     D:5: 16 daAuts
  Temple: 1 daAuts
